 Dungeon Crawl Stone Soup version 0.24-a0-549-g45f0056d81 (webtiles) character file.

Game seed: 13265373818227077856

3864 Kisielow the Basher (level 10, -6/63 HPs)
             Began as a Gargoyle Fighter on Aug 20, 2019.
             Mangled by an orc warrior
             ... wielding a +0 war axe
              (28 damage)
             ... in a bailey.
             The game lasted 00:15:34 (7357 turns).

Kisielow the Basher (Gargoyle Fighter)              Turns: 7357, Time: 00:15:35

Health: -6/63      AC: 23    Str: 24    XL:     10   Next: 19%
Magic:  10/10      EV: 15    Int: 13    God:
Gold:   361        SH: 12    Dex: 14    Spells: 9/9 levels left

rFire    + . .     SeeInvis .   i - +4 whip (vamp)
rCold    + . .     Gourm    .   c - +1 shield
rNeg     + . .     Faith    .   g - +0 plate armour
rPois    ∞         Spirit   .   (no helmet)
rElec    +         Reflect  .   y - +0 cloak {rPois}
rCorr    +         Harm     .   (no gloves)
MR       .....                  n - +0 pair of boots
Stlth    ..........             (no amulet)
HPRegen  0.20/turn              r - +5 ring of evasion
MPRegen  0.12/turn              (no ring)

@: brilliant, agile, resistant
A: negative energy resistance 1, electricity resistance, unbreathing,
petrification resistance, rot immunity, AC +7
a: no special abilities


You were in a bailey.
You were not hungry.

You visited 2 branches of the dungeon, and saw 8 of its levels.
You also visited: Ossuary and Bailey.

You collected 361 gold pieces.

Inventory:

Hand Weapons
 i - a +4 vampiric whip (weapon)
Armour
 c - a +1 shield (worn)
 g - a +0 plate armour (worn)
 n - a +0 pair of boots (worn)
 y - a +0 cloak of poison resistance (worn)
Jewellery
 r - a +5 ring of evasion (left hand)
Wands
 d - a wand of random effects (16)
Scrolls
 a - a scroll of identify
 h - 7 scrolls of remove curse
 j - a scroll of teleportation
 m - 2 scrolls of fog
Potions
 b - 3 potions of magic
 k - 3 potions of heal wounds
 l - 8 potions of curing
 p - a potion of lignification
 q - 3 potions of agility
 t - 2 potions of flight
 u - a potion of cancellation
 w - a potion of mutation
Comestibles
 f - 13 rations
 x - 6 chunks of flesh


   Skills:
 + Level 7.6 Fighting
 * Level 9.7 Maces & Flails
 + Level 7.6 Armour
 + Level 7.5 Shields


You had 9 spell levels left.
You didn't know any spells.
Your spell library contained the following spells:

 Spells                   Type           Power        Failure   Level  Hunger
 Corona                   Hex            #......      65%         1    ##.....
 Magic Dart               Conj           #...         65%         1    ##.....
 Ensorcelled Hibernation  Hex/Ice        #.....       77%         2    ###....
 Searing Ray              Conj           #.....       77%         2    ###....
 Confuse                  Hex            #.......     91%         3    ####...
 Dazzling Spray           Conj/Hex       #.....       91%         3    ####...
 Tukima's Dance           Hex            #.......     91%         3    ####...
 Force Lance              Conj/Tloc      #.......     99%         4    #####..
 Fulminant Prism          Conj/Hex       #.........   99%         4    #####..
 Iskenderun's Mystic Bla  Conj           #.......     99%         4    #####..


Dungeon Overview and Level Annotations

Branches:
Dungeon (7/15)             Temple (1/1) D:6

Altars:
Ashenzari
Cheibriados
Dithmenos
Elyvilon
Fedhas
Gozag
Hepliaklqana
Kikubaaqudgha
Makhleb
Nemelex Xobeh
Okawaru
Ru
Sif Muna
Trog
Uskayaw
Vehumet
Wu Jian
Yredelemnul
Zin
The Shining One


Innate Abilities, Weirdness & Mutations

You are resistant to torment.
Your stone body is resilient. (AC +7)
You are immune to poison.
You resist negative energy. (rN+)
You are resistant to electric shocks. (rElec)
You can survive without breathing.
You are immune to petrification.
You are immune to rotting.


Message History

The orc warrior is almost dead.
The orc warrior hits you with a +0 war axe!!
The orc warlord hits you with a +1 great sword of slicing!
* * * LOW HITPOINT WARNING * * *
x2 You hit the orc warlord.
You feel better.
The orc warlord is lightly wounded.
The orc warrior barely misses you.
You whack the orc warlord!
You feel better.
The orc warlord is lightly wounded.
You block the orc warlord's attack.
You hit the orc warlord but do no damage.
The orc warlord is lightly wounded.
You block the orc warrior's attack.
You hit the orc warlord.
You feel better.
The orc warlord is lightly wounded.
You block the orc warlord's attack.
You hit the orc warlord but do no damage.
The orc warlord is lightly wounded.
The orc warrior hits you with a +0 war axe!!
You die...

?...g.....8##.... #
?.........8#g.... #
∩....⌠.....g..... #
!........g8# #
?......)).8# #
#......gg.### ##
###...og###.### ###.
###.#o#.....###
###...
###@o)......###.....
#...........#......
#......)....#.....)
#.....⌠..).)#)....⌠
#........).))).....
#........).)#).....
##.........###.....
###.....### ###...
###.### ###.


You could see an orc warlord, 2 orc warriors, 3 gnolls and a goblin.

Vanquished Creatures
  An orc knight (Bailey)
  Pikel (D:3)
  Grinder (D:5)
  Menkaure (D:5)
  Edmund (D:5)
  6 orc warriors (Bailey)
  2 phantoms
  A sky beast (D:7)
  2 ogres
  Blork the orc (D:4)
  An elf zombie (Ossuary)
  2 bullfrogs (D:6)
  3 howler monkeys
  2 crimson imps
  A centaur zombie (Ossuary)
  A hound (D:3)
  A human zombie (Ossuary)
  Crazy Yiuf (D:6)
  6 orc priests
  6 orc wizards
  2 iguanas (D:5)
  3 worker ants
  A big kobold zombie (Ossuary)
  2 hound skeletons
  2 mummies (Ossuary)
  10 gnolls
  A howler monkey skeleton (D:4)
  5 adders
  An ooze (D:2)
  3 adder zombies (Ossuary)
  5 worms
  2 dart slugs (D:1)
  3 leopard geckos
  42 orcs
  6 giant cockroaches
  27 goblins
  21 hobgoblins
  5 jackals
  8 kobolds
  4 quokkas
  A ball python (D:1)
  9 bats
  4 frilled lizards
  A giant cockroach zombie (D:5)
  A goblin zombie (Ossuary)
  10 hobgoblin zombies (Ossuary)
  3 jackal zombies
  10 kobold zombies (Ossuary)
  7 orc zombies (Ossuary)
  6 rats
246 creatures vanquished.

Vanquished Creatures (others)
  A worker ant (D:4)
  2 adders (D:4)
  2 orcs (D:4)
  A quokka (D:4)
6 creatures vanquished.

Grand Total: 252 creatures vanquished

Notes
Turn   | Place    | Note
-------+----------+-------------------------------------------
     0 | D:1      | Kisielow the Gargoyle Fighter began the quest for the Orb.
     0 | D:1      | Reached XP level 1. HP: 14/14 MP: 1/1
   119 | D:1      | Reached XP level 2. HP: 19/19 MP: 2/2
   232 | D:1      | Reached skill level 3 in Maces & Flails
   445 | D:1      | Reached XP level 3. HP: 23/23 MP: 3/3
  1232 | D:2      | Reached skill level 4 in Maces & Flails
  1367 | D:2      | Reached XP level 4. HP: 14/28 MP: 4/4
  1722 | D:2      | Found a hide-covered altar of Uskayaw.
  2031 | D:3      | Reached XP level 5. HP: 32/32 MP: 5/5
  2129 | D:3      | Found a burning altar of Makhleb.
  2659 | D:3      | Reached skill level 5 in Maces & Flails
  2659 | D:3      | Reached XP level 6. HP: 38/38 MP: 6/6
  2821 | D:4      | Noticed Pikel
  2821 | D:4      | Noticed a slave
  2821 | D:4      | Noticed a slave
  2821 | D:4      | Noticed a slave
  2821 | D:4      | Noticed a slave
  2821 | D:4      | Noticed a phantom
  2842 | D:3      | Killed Pikel
  2842 | D:3      | Reached skill level 6 in Maces & Flails
  2842 | D:3      | Reached XP level 7. HP: 44/44 MP: 7/7
  2899 | D:4      | Reached skill level 5 in Fighting
  2899 | D:4      | Reached skill level 5 in Armour
  2899 | D:4      | Reached skill level 5 in Shields
  2945 | D:4      | Reached XP level 8. HP: 49/49 MP: 8/8
  2988 | D:4      | Noticed Blork the orc
  3001 | D:4      | Killed Blork the orc
  3125 | D:4      | Found a blossoming altar of Fedhas.
  3420 | D:4      | Found a shadowy altar of Dithmenos.
  3952 | D:5      | Entered Level 5 of the Dungeon
  3959 | D:5      | Found a sparkling altar of Nemelex Xobeh.
  3959 | D:5      | Found a shattered altar of Ashenzari.
  4047 | D:5      | Found a sand-covered staircase.
  4052 | Ossuary  | Entered an ossuary
  4205 | Ossuary  | Reached skill level 7 in Maces & Flails
  4548 | D:5      | Noticed Menkaure
  4563 | D:5      | Killed Menkaure
  5034 | D:5      | Reached XP level 9. HP: 49/55 MP: 9/9
  5164 | D:5      | Noticed Edmund
  5202 | D:5      | Killed Edmund
  5202 | D:5      | Reached skill level 8 in Maces & Flails
  5270 | D:5      | Noticed Grinder
  5285 | D:5      | Killed Grinder
  5713 | D:6      | Found a staircase to the Ecumenical Temple.
  5735 | Temple   | Entered the Ecumenical Temple
  6131 | D:6      | Found an ornate altar of the Wu Jian Council.
  6169 | D:6      | Found a runed translucent door.
  6170 | D:6      | Noticed Crazy Yiuf
  6583 | D:6      | Killed Crazy Yiuf
  6874 | D:7      | Found a flagged portal.
  6890 | Bailey   | Entered a bailey
  6914 | Bailey   | Reached skill level 9 in Maces & Flails
  7103 | Bailey   | Noticed an orc knight
  7117 | Bailey   | Killed an orc knight
  7117 | Bailey   | Reached XP level 10. HP: 63/63 MP: 10/10
  7318 | Bailey   | Noticed an orc warlord
  7357 | Bailey   | Mangled by an orc warrior

Levels and vault maps discovered:
D:1:      minmay_arrival_arboretum_large, layout_loops_ring, st_stairs_9
D:2:      layout_rooms, eat_drink_and_be_merry_uskayaw
D:3:      layout_basic, makhleb_heckhound_becter, first_ration
D:4:      layout_layer_cave, kennysheep_mini, old_standard_altar,
          uniq_blork_the_orc, uniq_pikel
D:5:      layout_basic, chequers_temple_overflow_statue_of_worship,
          enter_ossuary_2, minmay_misc_feat_tower, uniq_grinder, uniq_menkaure,
          uniq_edmund
D:6:      layout_loops_corners, lemuel_round_altar,
          minmay_temple_entry_purple_smoke, uniq_crazy_yiuf_cottage
D:7:      layout_cave_pods, enter_bailey_3, kennysheep_okawaru_gauntlet
Temple:   dshaligram_water_room_temple
Bailey:   bailey_axe_minmay_hex_keep, bailey

Skill      XL: |  1  2  3  4  5  6  7  8  9 |
---------------+----------------------------+-----
Maces & Flails | 3 4 5 6 7 9 |  9.7
Fighting       | 4 5 6 7 |  7.6
Armour         | 4 5 6 7 |  7.6
Shields        | 4 5 6 7 |  7.5

Action                   |  1- 3 |  4- 6 |  7- 9 | 10-12 || total
-------------------------+-------+-------+-------+-------++-------
Melee: Flail             |   199 |   114 |       |       ||   313
       Whip              |       |   113 |   757 |   115 ||   985
Evoke: Wand              |       |       |       |     1 ||     1
  Use: Scroll            |       |    11 |    10 |       ||    21
       Potion            |       |     1 |     2 |     3 ||     6
  Eat: Chunk             |     2 |     3 |     9 |     2 ||    16
       Ration            |       |     2 |       |       ||     2
Armor: Scale mail        |   151 |       |       |       ||   151
       Plate armour      |    59 |   114 |   216 |    34 ||   423
Dodge: Dodged            |    84 |    69 |   164 |    27 ||   344
Block: Shield            |   151 |   115 |   287 |    61 ||   614

Table legend:
 A = Non-vault XP
 B = Vault XP
 C = Vault XP percentage of total XP
 D = Non-vault monster count
 E = Vault monster count
 F = Vault count percentage of total count
                 A         B        C        D         E       F
            +---------+---------+-------+---------+---------+-------
      Total |    2123 |    3398 |  61.5 |     143 |     103 |  41.9
            +---------+---------+-------+---------+---------+-------
        D:1 |      53 |       3 |   5.4 |      28 |       2 |   6.7
        D:2 |      93 |       0 |   0.0 |      20 |       0 |   0.0
        D:3 |     234 |     674 |  74.2 |      32 |       2 |   5.9
        D:4 |     276 |      99 |  26.4 |      15 |       1 |   6.2
        D:5 |     616 |     638 |  50.9 |      21 |       3 |  12.5
        D:6 |     703 |      41 |   5.5 |      23 |       1 |   4.2
        D:7 |     148 |       8 |   5.1 |       4 |       4 |  50.0
    Ossuary |       0 |     297 | 100.0 |       0 |      39 | 100.0
     Bailey |       0 |    1638 | 100.0 |       0 |      51 | 100.0
            +---------+---------+-------+---------+---------+-------
